 Dungeon Crawl Stone Soup version 0.19-a0-1268-g6c5d9f8 (webtiles) character file.

193 Ijustatesigmund the Sneak (level 5, 0/36 HPs)
             Began as an Octopode Assassin on Aug 29, 2016.
             Was an Initiate of Ru.
             Slain by a hungry ghost (2 damage)
             ... on level 3 of the Dungeon.
             The game lasted 00:06:45 (2738 turns).

Ijustatesigmund the Sneak (Octopode Assassin)       Turns: 2738, Time: 00:06:45

Health: 0/36       AC:  1    Str: 10    XL:     5   Next: 72%
Magic:  5/5        EV: 14    Int: 13    God:    Ru [......]
Gold:   155        SH:  0    Dex: 15    Spells: 0 memorised, 4 levels left

rFire  . . .     SeeInvis .     a - +2 dagger
rCold  . . .     Gourm    .     (no shield)
rNeg   + . .     Faith    .     (helmet restricted)
rPois  .         Spirit   .     (no amulet)
rElec  .         Dismiss  .     l - ring of positive energy
rCorr  .         Reflect  .     (no ring)
MR     .....     Harm     .     (no ring)
Stlth  ++++......               (no ring)
                                (no ring)
                                (no ring)
                                (no ring)
                                (no ring)

@: exhausted, slowed, drained, very slow
A: almost no armour, stealthy swim, amphibious, 8 rings, constrict 8, camouflage
1, gelatinous body 1
a: Renounce Religion


You were on level 3 of the Dungeon.
You worshipped Ru.
Ru was noncommittal.
You were not hungry.

You visited 1 branch of the dungeon, and saw 4 of its levels.

You collected 155 gold pieces.

Inventory:

Hand Weapons
 a - a +2 dagger (weapon)
 b - a +0 blowgun
Missiles
 c - 24 poisoned needles
 d - 2 curare-tipped needles
Jewellery
 l - a ring of positive energy (left tentacle)
 s - an uncursed ring of flight {unknown}
Wands
 q - a wand of flame (28/48)
Scrolls
 m - a scroll of remove curse
 r - a scroll of recharging
Potions
 e - a potion of lignification
 h - a potion of invisibility
 i - a potion of heal wounds
 j - 2 potions of berserk rage
 k - a potion of flight {unknown}
 o - 2 potions of cure mutation {unknown}
Books
 n - Sif Muna's Papyrus of the Rocks
   (You found it on level 3 of the Dungeon)

   Spells                             Type                      Level
   a - Sandblast                      Earth                        1
Comestibles
 f - 3 bread rations
 g - a slice of pizza


   Skills:
 + Level 3.0(2.6) Fighting
 + Level 3.3(2.9) Short Blades
 + Level 3.1(2.7) Throwing
 + Level 2.6(2.2) Dodging
 - Level 6.0(5.6) Stealth


You had 4 spell levels left.
You didn't know any spells.

Dungeon Overview and Level Annotations

Branches:
Dungeon (4/15)
 Temple: D:4-7

Altars:
Cheibriados
Ru
Sif Muna
Uskayaw

Annotations:
D:4 Eustachio, Sigmund


Innate Abilities, Weirdness & Mutations

You cannot wear most types of armour.
You are very stealthy in the water.
You are amphibious.
You can wear up to eight rings at the same time.
You can use your tentacles to constrict eight enemies at once.
Your skin changes colour to match your surroundings (Stealth+).
Your rubbery body absorbs attacks. (AC +1, EV +1)


Message History

* * * LOW HITPOINT WARNING * * *
You feel somewhat more hungry.
You continue eating.
The hungry ghost hits you.
* * * LOW HITPOINT WARNING * * *
You are fainting from starvation!
You continue eating.
The hungry ghost closely misses you. The hungry ghost misses you.
You finish eating.
That bread ration really hit the spot!
You hit the hungry ghost.
The hungry ghost is almost destroyed.
The hungry ghost hits you.
* * * LOW HITPOINT WARNING * * *
You feel a lot more hungry.
You miss the hungry ghost.
The hungry ghost is almost destroyed.
The hungry ghost hits you.
* * * LOW HITPOINT WARNING * * *
You feel a lot more hungry. The hungry ghost hits you.
You die...

######### ##.......#
.#.#####.############
.#....#.......†.....#
.#.##.#..##########.#
...............W@(..#
.#..#.#....#####..###
'#..#.#.##.# #..#
....#.#.##.#####..#
...........#......#
..#.#.#.##.##.###.#
..^.#.#...<##.# #.#
#.###.###..##.###.#
#.#...#.......#..)#


You could see a hungry ghost.

Vanquished Creatures
  3 orc wizards (D:3)
  4 adders
  An ooze (D:1)
  4 dart slugs
  A giant gecko (D:4)
  An orc (D:3)
  5 giant cockroaches
  5 goblins
  7 hobgoblins
  6 jackals
  8 kobolds
  2 quokkas
  4 ball pythons
  8 bats
  A giant newt (D:3)
  4 rats
64 creatures vanquished.

Notes
Turn   | Place    | Note
-------+----------+-------------------------------------------
     0 | D:1      | Ijustatesigmund the Octopode Assassin began the quest for the Orb.
     0 | D:1      | Reached XP level 1. HP: 14/14 MP: 1/1
    83 | D:1      | Reached XP level 2. HP: 16/19 MP: 2/2
   440 | D:1      | Reached XP level 3. HP: 24/24 MP: 3/3
  1209 | D:2      | Reached XP level 4. HP: 30/30 MP: 4/4
  1390 | D:2      | Found a snail-covered altar of Cheibriados.
  1578 | D:2      | Found a hide-covered altar of Uskayaw.
  1683 | D:3      | Reached skill level 6 in Stealth
  2101 | D:3      | Found a sacrificial altar of Ru.
  2109 | D:3      | Reached XP level 5. HP: 36/36 MP: 5/5
  2224 | D:3      | Became a worshipper of Ru the Awakened
  2245 | D:3      | Found a deep blue altar of Sif Muna.
  2275 | D:3      | Identified Sif Muna's Papyrus of the Rocks
  2661 | D:4      | Noticed Eustachio
  2667 | D:4      | Noticed Sigmund
  2707 | D:4      | Noticed a hungry ghost
  2712 | D:4      | Noticed an ogre
  2738 | D:3      | Slain by a hungry ghost

Vault maps used:
D:1:      elethiomel_arrival_quiet, grunt_decor_resistance,
          minmay_misc_feat_diagonals
D:2:      nicolae_overflow_crystal_walls, kennysheep_slug_shrine
D:3:      led_sif_book, nicolae_ru_great_annihilating_truth
D:4:      kennysheep_nondescript, st_stairs_14, uniq_sigmund, uniq_eustachio

Skill      XL: |  1  2  3  4  5 |
---------------+----------------+-----
Stealth        | 6 |  6.0
Dodging        | 2 |  2.6
Short Blades   | 3 |  3.3
Throwing       | 3 |  3.1
Fighting       | 3 |  3.0

Action                   |  1- 3 |  4- 6 || total
-------------------------+-------+-------++-------
Melee: Dagger            |    51 |    72 ||   123
       Constrict         |     9 |    12 ||    21
       Tentacles         |     7 |    15 ||    22
 Fire: Blowgun           |       |     2 ||     2
  Use: Scroll            |     6 |     4 ||    10
       Potion            |       |     4 ||     4
 Stab: Sleeping          |    11 |    16 ||    27
       Distracted        |     1 |       ||     1
       Invisible         |       |     1 ||     1
       Paralysed         |       |     1 ||     1
  Eat: Chunk             |       |     5 ||     5
       Bread ration      |       |     1 ||     1
       Pizza             |       |     1 ||     1
Armor: Skin              |     5 |     3 ||     8
Dodge: Dodged            |    36 |    24 ||    60
